 Dungeon Crawl Stone Soup version 0.25-a0-289-g406d6369f5 (webtiles) character file.

Game seed: 14172377149191408846, levelgen mode: deterministic

91 MoonlitKnight the Poker (level 4, -2/35 HPs)
             Began as a Merfolk Skald on Dec 13, 2019.
             Slain by a gnoll
             ... wielding a +0 halberd
              (16 damage)
             ... on level 3 of the Dungeon.
             The game lasted 00:05:10 (2317 turns).

MoonlitKnight the Poker (Merfolk Skald)             Turns: 2317, Time: 00:05:10

Health: -2/35      AC:  5    Str: 12    XL:     4   Next: 59%
Magic:  0/7        EV: 11    Int: 12    God:
Gold:   54         SH:  3    Dex: 13    Spells: 1/7 levels left

rFire    . . .     SeeInvis .   a - +0 spear
rCold    . . .     Gourm    .   k - +0 buckler
rNeg     . . .     Faith    .   o - +0 ring mail
rPois    .         Spirit   .   (no helmet)
rElec    .         Reflect  .   (no cloak)
rCorr    .         Harm     .   (no gloves)
MR       .....                  (no boots)
Stlth    +.........             (no amulet)
HPRegen  0.11/turn              (no ring)
MPRegen  0.10/turn              (no ring)

@: infused, very slightly contaminated
A: change form in water, swift swim, stealthy swim
a: no special abilities


You were on level 3 of the Dungeon.
You were not hungry.

You visited 1 branch of the dungeon, and saw 4 of its levels.

You collected 54 gold pieces.

Inventory:

Hand Weapons
 a - a +0 spear (weapon)
 g - a +0 hunting sling
Missiles
 j - 19 poisoned darts (quivered)
Armour
 b - a +0 leather armour
 k - a +0 buckler (worn)
 o - a +0 ring mail (worn)
Scrolls
 c - 2 scrolls of remove curse {unknown}
 e - a scroll of identify {unknown}
 f - a scroll of enchant weapon {unknown}
 l - a scroll of amnesia {unknown}
Potions
 h - a potion of lignification {unknown}
 i - 4 potions of curing {unknown}
 n - a potion of haste {unknown}
 p - a potion of invisibility {unknown}
Comestibles
 d - 5 rations


   Skills:
 + Level 3.1 Fighting
 * Level 5.1 Polearms
 - Level 0.6 Armour
 + Level 3.7 Dodging
 + Level 0.7 Shields
 - Level 2.0 Spellcasting
 - Level 3.2 Charms


You had one spell level left.
You knew the following spells:

 Your Spells              Type           Power        Failure   Level  Hunger
a - Infusion              Chrm           #...         24%         1    ##.....
b - Shroud of Golubria    Chrm/Tloc      #.....       58%         2    ###....
c - Spectral Weapon       Hex/Chrm       #.......     82%         3    ####...

Your spell library contained the following spells:

 Spells                   Type           Power        Failure   Level  Hunger
 Song of Slaying          Chrm           #.......     36%         2    ###....
 Regeneration             Chrm/Necr      #.........   82%         3    ####...


Dungeon Overview and Level Annotations

Branches:
Dungeon (4/15)
 Temple: D:4-7

Altars:


Message History

You closely miss the gnoll.
The gnoll is moderately wounded.
The gnoll barely misses you.
Casting: Infusion (safe; 24% risk of failure)
Confirm with . or Enter, or press ? or * to list all spells.
You miscast Shroud of Golubria.
You are very lightly contaminated with residual magic.
You spin around.
The gnoll closely misses you.
You hit the gnoll.
The gnoll is moderately wounded.
You hit the gnoll.
The gnoll is severely wounded.
The gnoll barely misses you. You block the adder's attack.
You completely miss the gnoll.
The gnoll is severely wounded.
The adder barely misses you. The gnoll closely misses you.
You hit the gnoll.
The gnoll is severely wounded.
The adder bites you. The gnoll hits you with a +0 halberd!
You die...

#.######### #.##......#
#.##......# #.##......#
#.##......#
#####.##......#
#.......@g....###########
#....>...S...)...........
#..................######
#......(......####.#
#....<........# #.#
#.............# #.#
#........#.....# #.#
#..............# #.#
#........#.....# #.#


You could see a gnoll and an adder.

Vanquished Creatures
  3 gnolls (D:3)
  An adder (D:2)
  2 oozes
  A worm (D:2)
  A dart slug (D:2)
  A leopard gecko (D:2)
  2 ball pythons
  2 giant cockroaches (D:1)
  4 hobgoblins
  A quokka (D:2)
  6 bats
  5 goblins
  6 kobolds
  7 rats
42 creatures vanquished.

Notes
Turn   | Place    | Note
-------+----------+-------------------------------------------
     0 | D:1      | MoonlitKnight the Merfolk Skald began the quest for the
                  | Orb.
     0 | D:1      | Reached XP level 1. HP: 16/16 MP: 3/3
   242 | D:1      | Reached XP level 2. HP: 23/23 MP: 1/5
   256 | D:1      | Learned a level 2 spell: Shroud of Golubria
   552 | D:1      | Reached skill level 4 in Polearms
   756 | D:1      | Reached XP level 3. HP: 27/28 MP: 6/6
  1045 | D:2      | Learned a level 3 spell: Spectral Weapon
  1873 | D:2      | Reached XP level 4. HP: 35/35 MP: 0/7
  2068 | D:3      | Reached skill level 5 in Polearms
  2317 | D:3      | Slain by a gnoll

Levels and vault maps discovered:
D:1:      mrwooster_arrival_statue, layout_basic
D:2:      layout_basic, first_ration
D:3:      layout_basic, elyvilon_altar_4, uniq_sigmund
D:4:      layout_basic, grunt_temple_overflow_gold_and_silver,
          eat_drink_and_be_merry_uskayaw, gup_sewer_entry_glass,
          grunt_ministairs_6, hangedman_decor_points

Skill      XL: |  1  2  3  4 |
---------------+-------------+-----
Dodging        | 3 |  3.7
Polearms       | 4 5 |  5.1
Fighting       | 3 |  3.1
Armour         | |  0.6
Shields        | |  0.7
Spellcasting   | |  2.0
Charms         | |  3.2

Action                   |  1- 3 |  4- 6 || total
-------------------------+-------+-------++-------
Melee: Spear             |   132 |    40 ||   172
 Cast: Infusion          |    10 |     2 ||    12
       Shroud of Golubri |       |     1 ||     1
 Stab: Sleeping          |     1 |       ||     1
  Eat: Chunk             |     3 |     2 ||     5
Armor: Leather armour    |    23 |       ||    23
       Ring mail         |       |    10 ||    10
Dodge: Dodged            |    45 |    22 ||    67
Block: Buckler           |     5 |     5 ||    10

Table legend:
 A = Non-vault XP
 B = Vault XP
 C = Vault XP percentage of total XP
 D = Non-vault monster count
 E = Vault monster count
 F = Vault count percentage of total count
                 A         B        C        D         E       F
            +---------+---------+-------+---------+---------+-------
      Total |     131 |       0 |   0.0 |      42 |       0 |   0.0
            +---------+---------+-------+---------+---------+-------
        D:1 |      34 |       0 |   0.0 |      20 |       0 |   0.0
        D:2 |      50 |       0 |   0.0 |      17 |       0 |   0.0
        D:3 |      47 |       0 |   0.0 |       5 |       0 |   0.0
            +---------+---------+-------+---------+---------+-------
